Flyers vs Maple Leafs
(R2)
Created - May 7, 2018 at 19:03
Goals
|
Flyers |
2 |
3 |
3 |
8 |
Maple Leafs |
1 |
3 |
2 |
6 |
|
Shots
|
Flyers |
5 |
18 |
8 |
31 |
Maple Leafs |
9 |
13 |
14 |
36 |
|
1st period
1. Flyers , Kyle Wellwood 1 (Matt Smaby 2, Steve Mason) at 13:16
2. Maple Leafs , Gilbert Brule 1 (Colby Armstrong 1) at 13:49
3. Flyers , Jaromir Jagr 1 (Jeff Carter 1) at 13:55
Penalties :
Tobias Enstrom (Tor) for Interference (Minor) at 7:02, Matt Smaby (Phi) for Interference (Minor) at 11:08
2nd period
4. Flyers , Kyle Wellwood 2 (Jakub Voracek 1, Steve Mason) at 0:47
5. Maple Leafs , Fabian Brunnstrom 1 (Gilbert Brule 1) at 1:28
6. Maple Leafs , Artemi Panarin 1 (Claude Giroux 2, Tobias Enstrom 1) at 6:16 (PP)
7. Flyers , Dany Heatley 1 (Oliver Ekman-Larsson 1) at 8:52 (PP)
8. Maple Leafs , Jordan Staal 2 (Tobias Enstrom 2, Claude Giroux 3) at 10:45 (PP)
9. Flyers , Matthew Lombardi 1 (Mats Zuccarello 1, Chris Mcallister 1) at 15:48
Penalties :
Matt Smaby (Phi) for High sticking (Minor) at 6:02, Fabian Brunnstrom (Tor) for Hooking (Minor) at 7:39, Jaromir Jagr (Phi) for Hooking (Minor) at 9:14, Colby Armstrong (Tor) for Hooking (Minor) at 19:52
3rd period
10. Flyers , Jeff Carter 2 (Oliver Ekman-Larsson 2) at 1:13 (PP)
11. Flyers , Marcus Kruger 1 (Tom Poti 1) at 3:14 (SH)
12. Maple Leafs , John Klingberg 1 (Claude Giroux 4, Tobias Enstrom 3) at 12:32 (PP)
13. Maple Leafs , Gilbert Brule 2 (John Klingberg 2, Alex Stalock) at 15:33 (PP)
14. Flyers , Brian McGrattan 1 (Drew Miller 1, Randy Jones 1) at 18:40 (Empty Net)
Penalties :
Drew Miller (Phi) for Tripping (Minor) at 2:18, Mats Zuccarello (Phi) for Tripping (Minor) at 5:19, Brian McGrattan (Phi) for Roughing (Minor) at 8:33, Jeff Woywitka (Phi) for Hooking (Minor) at 11:34, Jeff Woywitka (Phi) for Hooking (Minor) at 14:58, Jordan Staal (Tor) for Holding (Minor) at 16:25
Goalie Stats
Steve Mason (Phi), 30 saves from 36 shots - (0.833), W, 1-1-0, 60:00 minutes
Alex Stalock (Tor), 4 saves from 5 shots - (0.800), L, 0-1-0, 18:39 minutes
Marc-André Fleury (Tor), 19 saves from 25 shots - (0.760), 41:13 minutes
Players Stats for Flyers
Player Name G A P +/- PIM S H SB GA TA FO MP PP MP PK MP
------------------------------------------------------------------------------------
Brian McGrattan 1 0 1 2 2 2 0 0 0 0 0/0 9:30 0:00 0:00
Chris Mcallister 0 1 1 2 0 2 0 0 1 1 0/0 10:37 0:00 3:46
Dany Heatley 1 0 1 -2 0 2 2 0 0 0 1/1 14:39 2:48 0:00
Drew Miller 0 1 1 2 2 0 0 0 2 0 0/0 13:59 0:00 5:13
J.T. Miller 0 0 0 2 0 1 1 0 1 0 0/1 20:54 3:44 2:15
Jakub Voracek 0 1 1 -2 0 7 0 0 0 0 0/0 14:34 2:48 0:00
Jaromir Jagr 1 0 1 2 2 1 2 0 1 0 3/6 17:41 3:44 0:00
Jeff Carter 1 1 2 2 0 8 0 1 1 0 11/27 17:42 3:44 0:00
Jeff Woywitka 0 0 0 2 4 2 1 0 0 0 0/0 25:42 3:21 3:50
Jonathan Ericsson 0 0 0 2 0 0 1 1 0 0 0/0 25:19 3:21 4:48
Kyle Wellwood 2 0 2 -2 0 2 1 0 0 0 5/12 17:32 2:48 3:11
Marcus Kruger 1 0 1 3 0 1 1 0 0 0 2/5 11:18 0:00 1:25
Mats Zuccarello 0 1 1 1 2 2 1 0 0 0 0/0 7:09 0:00 0:00
Matt Smaby 0 1 1 1 4 0 0 2 0 0 0/0 9:24 0:00 0:24
Matthew Lombardi 1 0 1 1 0 1 4 2 0 0 7/11 13:22 0:00 6:38
Oliver Ekman-Larsson 0 2 2 1 0 0 2 0 0 1 0/0 26:10 3:11 7:00
Randy Jones 0 1 1 1 0 0 0 2 0 0 0/0 8:57 0:00 0:00
Tom Poti 0 1 1 1 0 0 1 2 0 1 0/0 24:09 3:11 6:26
Players Stats for Maple Leafs
Player Name G A P +/- PIM S H SB GA TA FO MP PP MP PK MP
------------------------------------------------------------------------------------
Alex Killorn 0 0 0 -1 0 2 1 0 0 0 0/0 6:30 0:00 0:00
Antoine Vermette 0 0 0 -2 0 1 2 0 0 0 2/5 10:25 0:00 0:53
Artemi Panarin 1 0 1 -2 0 4 2 0 0 0 0/0 21:45 7:10 1:15
Ben Smith 0 0 0 -2 0 1 0 0 0 0 0/0 9:39 0:09 0:00
Blake Comeau 0 0 0 -1 0 1 1 0 0 0 0/0 6:51 0:00 0:00
Braydon Coburn 0 0 0 -3 0 1 2 2 1 1 0/0 22:13 3:10 4:16
Claude Giroux 0 3 3 -2 0 5 5 0 0 1 1/3 24:43 7:19 4:06
Colby Armstrong 0 1 1 1 2 0 1 0 0 0 0/0 17:40 3:55 0:52
Eric Nystrom 0 0 0 -2 0 2 0 0 0 0 0/0 9:54 0:00 0:03
Fabian Brunnstrom 1 0 1 1 2 3 0 1 0 1 0/1 17:55 3:55 1:28
Gilbert Brule 2 1 3 1 0 2 1 0 1 0 7/12 17:51 3:55 1:23
John Klingberg 1 1 2 -2 0 4 0 5 0 1 0/0 26:06 8:04 0:03
Jordan Staal 1 0 1 -2 2 6 3 1 1 0 23/40 23:42 7:19 3:04
Marc-Édouard Vlasic 0 0 0 -4 0 1 1 1 0 0 0/0 22:16 3:10 0:35
Ryan Parent 0 0 0 1 0 0 0 0 0 1 0/0 12:05 0:00 2:37
Taylor Chorney 0 0 0 0 0 0 0 3 0 1 0/0 13:36 0:00 3:52
Tobias Enstrom 0 3 3 0 2 3 2 0 0 0 0/0 23:43 8:04 1:41
Zac Dalpe 0 0 0 -1 0 0 0 0 0 0 1/2 6:30 0:00 0:00
3 Stars
1 - Gilbert Brule (Tor)
2 - Jeff Carter (Phi)
3 - Marcus Kruger (Phi)
Power Play
Flyers - 2 on 4 Attempt(s) - 50.00%
Maple Leafs - 4 on 8 Attempt(s) - 50.00%
Penalty Kill
Flyers - 4 on 8 Attempt(s) - 50.00%
- Score 1 goal in Penalty Kill
Maple Leafs - 2 on 4 Attempt(s) - 50.00%
- Score 0 goal in Penalty Kill
Team Stat
Flyers - Hits : 17 - Faceoff Wins : 29 - Blocked Shots : 10 - Penalty Minutes : 16
Maple Leafs - Hits : 21 - Faceoff Wins : 34 - Blocked Shots : 13 - Penalty Minutes : 8
Official
Referees : Ciamaga Chris and Meier Brad
Linesman : Mark Pare and Darren Gibbs
Game Notes
Alex Stalock enters game at 1:13 of 3rd period
Brian McGrattan has scored in a empty net!
Finance
Level 1 -- Attendance: 6000 (100.00%) -- Ticket Income $540,000
Level 2 -- Attendance: 5000 (100.00%) -- Ticket Income $275,000
Level 3 -- Attendance: 1968 (98.40%) -- Ticket Income $70,848
Level 4 -- Attendance: 4000 (100.00%) -- Ticket Income $100,000
Luxury Box -- Attendance: 984 (98.40%) -- Ticket Income $152,520
Game was played at the Maple Leafs Garden.
Total Attendance: 17952 (99.73%)
Total Ticket Income: $1,138,368
Other Income: $170,755
Total Income: $1,309,123
Flyers
5 vs 5 Forward
Center Left Wing Right Wing Time % Phy DF OF
1 Jeff Carter J.T. Miller Jaromir Jagr 40 1 1 3
2 Kyle Wellwood Dany Heatley Jakub Voracek 30 0 1 4
3 Marcus Kruger Drew Miller Brian McGrattan 20 0 2 3
4 Matthew Lombardi Chris Mcallister Mats Zuccarello 10 0 3 2
5 vs 5 Defense
Defense Defense Time % Phy DF OF
1 Jonathan Ericsson Jeff Woywitka 40 0 2 3
2 Tom Poti Oliver Ekman-Larsson 30 0 2 3
3 Randy Jones Matt Smaby 20 0 3 2
4 Oliver Ekman-Larsson Jeff Woywitka 10 0 2 3
PowerPlay Forward
Center Left Wing Right Wing Time % Phy DF OF
1 Jeff Carter J.T. Miller Jaromir Jagr 60 1 0 4
2 Kyle Wellwood Dany Heatley Jakub Voracek 40 0 0 5
PowerPlay Defense
Defense Defense Time % Phy DF OF
1 Jeff Woywitka Jonathan Ericsson 60 0 2 3
2 Tom Poti Oliver Ekman-Larsson 40 0 2 3
Penalty Kill 4 Players Forward
Center Wing Time % Phy DF OF
1 Matthew Lombardi Drew Miller 60 0 5 0
2 Kyle Wellwood Chris Mcallister 40 0 3 2
Penalty Kill 4 Players Defense
Defense Defense Time % Phy DF OF
1 Oliver Ekman-Larsson Tom Poti 60 0 5 0
2 Jeff Woywitka Jonathan Ericsson 40 0 5 0
Penalty Kill - 3 Players Forward
Forward Time % Phy DF OF
1 Matthew Lombardi 60 0 5 0
2 Kyle Wellwood 40 0 3 2
Penalty Kill - 3 Players Defense
Defense Defense Time % Phy DF OF
1 Oliver Ekman-Larsson Tom Poti 60 0 5 0
2 Jeff Woywitka Jonathan Ericsson 40 0 5 0
4 vs 4 Forward
Center Wing Time % Phy DF OF
1 Jeff Carter J.T. Miller 60 1 1 3
2 Kyle Wellwood Dany Heatley 40 0 1 4
4 vs 4 Defense
Defense Defense Time % Phy DF OF
1 Tom Poti Oliver Ekman-Larsson 60 0 3 2
2 Jonathan Ericsson Jeff Woywitka 40 0 3 2
Last Minutes Offensive
Center Left Wing Right Wing Defense Defense
Jeff Carter Dany Heatley Jaromir Jagr Jonathan Ericsson Jeff Woywitka
Last Minutes Defensive
Center Left Wing Right Wing Defense Defense
Matthew Lombardi Drew Miller Brian McGrattan Oliver Ekman-Larsson Jeff Woywitka
Goaltenders
Starting : Steve Mason
Backup : Cory Schneider
Extra Forwards
Normal : Jeff Carter, Dany Heatley, Jakub Voracek - PP : Jeff Carter, Dany Heatley - PK : Matthew Lombardi
Extra Defensemen
Normal : Oliver Ekman-Larsson, Jonathan Ericsson, Jeff Woywitka - PP : Jeff Woywitka - PK : Oliver Ekman-Larsson, Jeff Woywitka
Penalty Shots
Jeff Carter, Kyle Wellwood, Dany Heatley, Jaromir Jagr, Drew Miller
Scratches
None
Maple Leafs
5 vs 5 Forward
Center Left Wing Right Wing Time % Phy DF OF
1 Jordan Staal Artemi Panarin Claude Giroux 40 0 1 4
2 Gilbert Brule Fabian Brunnstrom Colby Armstrong 30 1 2 2
3 Antoine Vermette Eric Nystrom Ben Smith 20 1 2 2
4 Zac Dalpe Alex Killorn Blake Comeau 10 1 2 2
5 vs 5 Defense
Defense Defense Time % Phy DF OF
1 John Klingberg Marc-Édouard Vlasic 40 0 1 4
2 Braydon Coburn Tobias Enstrom 30 0 2 2
3 Taylor Chorney Ryan Parent 20 1 2 2
4 Braydon Coburn Tobias Enstrom 10 1 2 2
PowerPlay Forward
Center Left Wing Right Wing Time % Phy DF OF
1 Jordan Staal Artemi Panarin Claude Giroux 60 1 2 2
2 Gilbert Brule Fabian Brunnstrom Colby Armstrong 40 1 2 2
PowerPlay Defense
Defense Defense Time % Phy DF OF
1 John Klingberg Tobias Enstrom 60 1 2 2
2 Marc-Édouard Vlasic Braydon Coburn 40 1 2 2
Penalty Kill 4 Players Forward
Center Wing Time % Phy DF OF
1 Jordan Staal Claude Giroux 60 1 2 2
2 Gilbert Brule Colby Armstrong 40 1 2 2
Penalty Kill 4 Players Defense
Defense Defense Time % Phy DF OF
1 Braydon Coburn Taylor Chorney 60 1 2 2
2 Tobias Enstrom Ryan Parent 40 1 2 2
Penalty Kill - 3 Players Forward
Forward Time % Phy DF OF
1 Jordan Staal 60 1 2 2
2 Gilbert Brule 40 1 2 2
Penalty Kill - 3 Players Defense
Defense Defense Time % Phy DF OF
1 Braydon Coburn Taylor Chorney 60 1 2 2
2 Tobias Enstrom Ryan Parent 40 1 2 2
4 vs 4 Forward
Center Wing Time % Phy DF OF
1 Jordan Staal Claude Giroux 60 1 2 2
2 Gilbert Brule Colby Armstrong 40 1 2 2
4 vs 4 Defense
Defense Defense Time % Phy DF OF
1 Braydon Coburn Tobias Enstrom 60 1 2 2
2 John Klingberg Marc-Édouard Vlasic 40 1 2 2
Last Minutes Offensive
Center Left Wing Right Wing Defense Defense
Jordan Staal Artemi Panarin Claude Giroux John Klingberg Tobias Enstrom
Last Minutes Defensive
Center Left Wing Right Wing Defense Defense
Jordan Staal Colby Armstrong Claude Giroux Ryan Parent Braydon Coburn
Goaltenders
Starting : Marc-André Fleury
Backup : Alex Stalock
Extra Forwards
Normal : Artemi Panarin, Colby Armstrong, Jordan Staal - PP : Ben Smith, Colby Armstrong - PK : Fabian Brunnstrom
Extra Defensemen
Normal : Tobias Enstrom, Ryan Parent, Braydon Coburn - PP : Marc-Édouard Vlasic - PK : Taylor Chorney, Ryan Parent
Penalty Shots
Claude Giroux, Artemi Panarin, Fabian Brunnstrom, Colby Armstrong, Jordan Staal
Scratches
None
% Time on Ice - Flyers
Lines # - Real PCT - Wanted PCT - Time Play
Normal Forward
1 - 36% - 40% - 15:12
2 - 27% - 30% - 11:33
3 - 21% - 20% - 8:45
4 - 16% - 10% - 6:44
Normal Defense
1 - 43% - 40% - 18:02
2 - 33% - 30% - 13:48
3 - 21% - 20% - 8:57
4 - 3% - 10% - 1:27
PP Forward
1 - 57% - 60% - 3:44
2 - 43% - 40% - 2:48
PP Defense
1 - 51% - 60% - 3:21
2 - 49% - 40% - 3:11
PK Forward
1 - 72% - 60% - 8:03
2 - 28% - 40% - 3:11
PK Defense
1 - 57% - 60% - 6:26
2 - 43% - 40% - 4:48
PK3 Forward
1 - 0% - 60%
2 - 0% - 40%
PK3 Defense
1 - 0% - 60%
2 - 0% - 40%
44 Forward
1 - 0% - 60%
2 - 0% - 40%
44 Defense
1 - 0% - 60%
2 - 0% - 40%
Last Minute Offensive - 0:00
Last Minute Defensive - 0:00
Total
Forward - 60:00
Defense - 60:00
|
% Time on Ice - Maple Leafs
Lines # - Real PCT - Wanted PCT - Time Play
Normal Forward
1 - 32% - 40% - 13:41
2 - 30% - 30% - 12:33
3 - 22% - 20% - 9:30
4 - 15% - 10% - 6:30
Normal Defense
1 - 42% - 40% - 17:32
2 - 31% - 30% - 13:00
3 - 22% - 20% - 9:28
4 - 5% - 10% - 2:14
PP Forward
1 - 65% - 60% - 7:19
2 - 35% - 40% - 3:55
PP Defense
1 - 72% - 60% - 8:04
2 - 28% - 40% - 3:10
PK Forward
1 - 83% - 60% - 5:24
2 - 17% - 40% - 1:08
PK Defense
1 - 54% - 60% - 3:30
2 - 46% - 40% - 3:02
PK3 Forward
1 - 0% - 60%
2 - 0% - 40%
PK3 Defense
1 - 0% - 60%
2 - 0% - 40%
44 Forward
1 - 0% - 60%
2 - 0% - 40%
44 Defense
1 - 0% - 60%
2 - 0% - 40%
Last Minute Offensive - 0:00
Last Minute Defensive - 0:00
Total
Forward - 60:00
Defense - 60:00
|
Play by Play
1st period
0:01 of 1st period - Jordan Staal wins face-off versus Jeff Carter in neutral zone.
0:08 of 1st period - J.T. Miller is hit by Claude Giroux and loses puck.
0:27 of 1st period - Jonathan Ericsson is hit by Marc-Édouard Vlasic and loses puck.
1:08 of 1st period - Taylor Chorney is hit by Matthew Lombardi and loses puck.
1:33 of 1st period - Wrist shot by Jordan Staal.
1:33 of 1st period - Shot Blocked by Matt Smaby.
1:35 of 1st period - Slapshot by Ryan Parent.
1:35 of 1st period - Deflect By Jordan Staal.
1:35 of 1st period - Deflect By Jaromir Jagr.
1:35 of 1st period - Shot Blocked by Randy Jones.
1:35 of 1st period - Puck is out of play.
1:36 of 1st period - Gilbert Brule wins face-off versus Kyle Wellwood in Flyers zone.
1:37 of 1st period - Slapshot by Tobias Enstrom.
1:37 of 1st period - Deflect By Jeff Woywitka.
1:37 of 1st period - Stopped by Steve Mason with a rebound.
1:53 of 1st period - Slapshot by Jakub Voracek.
1:53 of 1st period - Shot Misses the Net.
2:14 of 1st period - Slapshot by Fabian Brunnstrom.
2:14 of 1st period - Stopped by Steve Mason without a rebound.
2:15 of 1st period - Jaromir Jagr wins face-off versus Jordan Staal in Flyers zone.
2:48 of 1st period - Wrist shot by Eric Nystrom.
2:48 of 1st period - Shot Misses the Net.
3:12 of 1st period - Snap shot by Alex Killorn.
3:12 of 1st period - Stopped by Steve Mason without a rebound.
3:13 of 1st period - Claude Giroux wins face-off versus Jeff Carter in Flyers zone.
4:25 of 1st period - Oliver Ekman-Larsson is hit by Alex Killorn and loses puck.
5:04 of 1st period - Eric Nystrom is hit by Mats Zuccarello and loses puck.
7:02 of 1st period - Minor Penalty to Tobias Enstrom for Interference.
7:03 of 1st period - Jeff Carter wins face-off versus Jordan Staal in Maple Leafs zone.
8:17 of 1st period - Slapshot by Fabian Brunnstrom.
8:17 of 1st period - Shot Misses the Net.
8:51 of 1st period - J.T. Miller is hit by Colby Armstrong and loses puck.
9:02 of 1st period - Penalty to Tobias Enstrom is over, Tobias Enstrom is back on ice.
9:31 of 1st period - Snap shot by Mats Zuccarello.
9:31 of 1st period - Shot Misses the Net.
10:03 of 1st period - Matthew Lombardi is hit by Claude Giroux and loses puck.
10:25 of 1st period - Jeff Woywitka is hit by Antoine Vermette and loses puck.
10:32 of 1st period - Tobias Enstrom is hit by Dany Heatley.
10:36 of 1st period - Jonathan Ericsson is hit by Braydon Coburn and loses puck.
10:49 of 1st period - Jaromir Jagr is hit by Blake Comeau and loses puck.
11:08 of 1st period - Minor Penalty to Matt Smaby for Interference.
11:09 of 1st period - Matthew Lombardi wins face-off versus Jordan Staal in Flyers zone.
12:33 of 1st period - Icing by Tobias Enstrom.
12:34 of 1st period - Kyle Wellwood wins face-off versus Gilbert Brule in Maple Leafs zone.
12:35 of 1st period - Wrist shot by Chris Mcallister.
12:35 of 1st period - Stopped by Marc-André Fleury with a rebound.
12:56 of 1st period - Off-side.
12:57 of 1st period - Kyle Wellwood wins face-off versus Gilbert Brule in neutral zone.
13:08 of 1st period - Penalty to Matt Smaby is over, Matt Smaby is back on ice.
13:16 of 1st period - Backhand shot by Kyle Wellwood.
13:16 of 1st period - Goal by Kyle Wellwood - Flyers : 1 - Maple Leafs : 0.
13:17 of 1st period - Jeff Carter wins face-off versus Jordan Staal in neutral zone.
13:49 of 1st period - Wrist shot by Gilbert Brule.
13:49 of 1st period - Deflect By Oliver Ekman-Larsson.
13:49 of 1st period - Goal by Gilbert Brule - Flyers : 1 - Maple Leafs : 1.
13:50 of 1st period - Jeff Carter wins face-off versus Jordan Staal in neutral zone.
13:55 of 1st period - Wrist shot by Jaromir Jagr.
13:55 of 1st period - Goal by Jaromir Jagr - Flyers : 2 - Maple Leafs : 1.
13:56 of 1st period - Jordan Staal wins face-off versus Jaromir Jagr in neutral zone.
14:03 of 1st period - Wrist shot by Artemi Panarin.
14:03 of 1st period - Stopped by Steve Mason without a rebound.
14:04 of 1st period - Jeff Carter wins face-off versus Jordan Staal in Flyers zone.
14:09 of 1st period - Snap shot by Jeff Carter.
14:09 of 1st period - Stopped by Marc-André Fleury without a rebound.
14:10 of 1st period - Jordan Staal wins face-off versus Jeff Carter in Maple Leafs zone.
14:10 of 1st period - Jordan Staal is hit by Jaromir Jagr.
14:18 of 1st period - J.T. Miller is hit by Artemi Panarin and loses puck.
14:23 of 1st period - Wrist shot by Claude Giroux.
14:23 of 1st period - Stopped by Steve Mason with a rebound.
14:25 of 1st period - Snap shot by Jordan Staal.
14:25 of 1st period - Shot Misses the Net.
15:09 of 1st period - Snap shot by Ben Smith.
15:09 of 1st period - Stopped by Steve Mason without a rebound.
15:10 of 1st period - Jordan Staal wins face-off versus Jeff Carter in Flyers zone.
16:07 of 1st period - Slapshot by Antoine Vermette.
16:07 of 1st period - Stopped by Steve Mason with a rebound.
16:28 of 1st period - Zac Dalpe is hit by Matthew Lombardi and loses puck.
16:39 of 1st period - Jaromir Jagr is hit by Braydon Coburn and loses puck.
16:50 of 1st period - Snap shot by Jaromir Jagr.
16:50 of 1st period - Shot Misses the Net.
17:34 of 1st period - Snap shot by Eric Nystrom.
17:34 of 1st period - Stopped by Steve Mason with a rebound.
18:52 of 1st period - Icing by Jonathan Ericsson.
18:53 of 1st period - Gilbert Brule wins face-off versus Marcus Kruger in Flyers zone.
19:47 of 1st period - Snap shot by Jakub Voracek.
19:47 of 1st period - Shot Misses the Net.
19:49 of 1st period - Slapshot by Jakub Voracek.
19:49 of 1st period - Stopped by Marc-André Fleury with a rebound.
Goals for this period are 2 for Flyers vs 1 for Maple Leafs.
Shots for this period are 5 for Flyers vs 9 for Maple Leafs.
2nd period
0:01 of 2nd period - Jordan Staal wins face-off versus Jeff Carter in neutral zone.
0:26 of 2nd period - Braydon Coburn is hit by Kyle Wellwood and loses puck.
0:47 of 2nd period - Wrist shot by Kyle Wellwood.
0:47 of 2nd period - Goal by Kyle Wellwood - Flyers : 3 - Maple Leafs : 1.
0:48 of 2nd period - Jaromir Jagr wins face-off versus Jordan Staal in neutral zone.
0:51 of 2nd period - Wrist shot by Jaromir Jagr.
0:51 of 2nd period - Shot Misses the Net.
0:53 of 2nd period - Snap shot by Jonathan Ericsson.
0:53 of 2nd period - Shot Blocked by Marc-Édouard Vlasic.
0:57 of 2nd period - Backhand shot by Jeff Carter.
0:57 of 2nd period - Stopped by Marc-André Fleury with a rebound.
0:59 of 2nd period - Wrist shot by Jaromir Jagr.
0:59 of 2nd period - Deflect By Jeff Carter.
0:59 of 2nd period - Shot Misses the Net.
0:59 of 2nd period - Puck is out of play.
1:00 of 2nd period - Jordan Staal wins face-off versus J.T. Miller in Maple Leafs zone.
1:14 of 2nd period - Wrist shot by Claude Giroux.
1:14 of 2nd period - Shot Misses the Net.
1:16 of 2nd period - Snap shot by Marc-Édouard Vlasic.
1:16 of 2nd period - Deflect By Claude Giroux.
1:16 of 2nd period - Shot Misses the Net.
1:16 of 2nd period - Puck is out of play.
1:17 of 2nd period - Gilbert Brule wins face-off versus Kyle Wellwood in Flyers zone.
1:22 of 2nd period - Snap shot by Gilbert Brule.
1:22 of 2nd period - Shot Misses the Net.
1:24 of 2nd period - Snap shot by Gilbert Brule.
1:24 of 2nd period - Deflect By Fabian Brunnstrom.
1:24 of 2nd period - Shot Hit the Post.
1:24 of 2nd period - Puck is out of play.
1:25 of 2nd period - Gilbert Brule wins face-off versus Kyle Wellwood in Flyers zone.
1:28 of 2nd period - Slapshot by Fabian Brunnstrom.
1:28 of 2nd period - Goal by Fabian Brunnstrom - Flyers : 3 - Maple Leafs : 2.
1:29 of 2nd period - Jordan Staal wins face-off versus Jeff Carter in neutral zone.
1:44 of 2nd period - Wrist shot by Claude Giroux.
1:44 of 2nd period - Stopped by Steve Mason without a rebound.
1:45 of 2nd period - Kyle Wellwood wins face-off versus Gilbert Brule in Flyers zone.
1:52 of 2nd period - Slapshot by John Klingberg.
1:52 of 2nd period - Stopped by Steve Mason without a rebound.
1:53 of 2nd period - Gilbert Brule wins face-off versus Kyle Wellwood in Flyers zone.
2:06 of 2nd period - Wrist shot by Jakub Voracek.
2:06 of 2nd period - Stopped by Marc-André Fleury with a rebound.
2:08 of 2nd period - Slapshot by Oliver Ekman-Larsson.
2:08 of 2nd period - Shot Misses the Net.
2:10 of 2nd period - Slapshot by Tom Poti.
2:10 of 2nd period - Deflect By Jakub Voracek.
2:10 of 2nd period - Stopped by Marc-André Fleury with a rebound.
2:12 of 2nd period - Snap shot by Kyle Wellwood.
2:12 of 2nd period - Shot Misses the Net.
2:18 of 2nd period - Snap shot by Dany Heatley.
2:18 of 2nd period - Shot Misses the Net.
2:20 of 2nd period - Slapshot by Dany Heatley.
2:20 of 2nd period - Shot Blocked by John Klingberg.
3:08 of 2nd period - Slapshot by Jakub Voracek.
3:08 of 2nd period - Shot Blocked by Fabian Brunnstrom.
3:12 of 2nd period - Snap shot by Jakub Voracek.
3:12 of 2nd period - Stopped by Marc-André Fleury with a rebound.
3:14 of 2nd period - Wrist shot by Tom Poti.
3:14 of 2nd period - Shot Blocked by John Klingberg.
3:16 of 2nd period - Snap shot by Jakub Voracek.
3:16 of 2nd period - Stopped by Marc-André Fleury without a rebound.
3:17 of 2nd period - Jeff Carter wins face-off versus Jordan Staal in Maple Leafs zone.
3:28 of 2nd period - Slapshot by Claude Giroux.
3:28 of 2nd period - Shot Misses the Net.
3:50 of 2nd period - Snap shot by Ryan Parent.
3:50 of 2nd period - Deflect By Eric Nystrom.
3:50 of 2nd period - Stopped by Steve Mason with a rebound.
3:54 of 2nd period - Slapshot by Antoine Vermette.
3:54 of 2nd period - Shot Blocked by Jonathan Ericsson.
4:08 of 2nd period - Snap shot by Mats Zuccarello.
4:08 of 2nd period - Stopped by Marc-André Fleury without a rebound.
4:09 of 2nd period - Matthew Lombardi wins face-off versus Zac Dalpe in Maple Leafs zone.
4:12 of 2nd period - Snap shot by Chris Mcallister.
4:12 of 2nd period - Stopped by Marc-André Fleury with a rebound.
4:20 of 2nd period - Snap shot by Alex Killorn.
4:20 of 2nd period - Stopped by Steve Mason without a rebound.
4:21 of 2nd period - Jordan Staal wins face-off versus Jeff Carter in Flyers zone.
5:18 of 2nd period - Wrist shot by Mats Zuccarello.
5:18 of 2nd period - Stopped by Marc-André Fleury without a rebound.
5:19 of 2nd period - Jeff Carter wins face-off versus Jordan Staal in Maple Leafs zone.
5:22 of 2nd period - Snap shot by Jeff Carter.
5:22 of 2nd period - Stopped by Marc-André Fleury with a rebound.
5:32 of 2nd period - J.T. Miller is hit by Artemi Panarin and loses puck.
5:50 of 2nd period - Snap shot by Brian McGrattan.
5:50 of 2nd period - Shot Misses the Net.
6:02 of 2nd period - Minor Penalty to Matt Smaby for High sticking.
6:03 of 2nd period - Matthew Lombardi wins face-off versus Jordan Staal in Flyers zone.
6:16 of 2nd period - Slapshot by Artemi Panarin.
6:16 of 2nd period - Goal by Artemi Panarin - Flyers : 3 - Maple Leafs : 3.
6:17 of 2nd period - Jordan Staal wins face-off versus Jeff Carter in neutral zone.
6:44 of 2nd period - Colby Armstrong is hit by Jeff Woywitka and loses puck.
6:48 of 2nd period - Icing by John Klingberg.
6:49 of 2nd period - Kyle Wellwood wins face-off versus Gilbert Brule in Maple Leafs zone.
6:54 of 2nd period - Snap shot by Kyle Wellwood.
6:54 of 2nd period - Shot Blocked by Braydon Coburn.
7:00 of 2nd period - Slapshot by Tobias Enstrom.
7:00 of 2nd period - Shot Blocked by Randy Jones.
7:02 of 2nd period - Snap shot by Gilbert Brule.
7:02 of 2nd period - Shot Misses the Net.
7:16 of 2nd period - Snap shot by Gilbert Brule.
7:16 of 2nd period - Shot Misses the Net.
7:26 of 2nd period - Gilbert Brule is hit by Dany Heatley and loses puck.
7:39 of 2nd period - Minor Penalty to Fabian Brunnstrom for Hooking.
7:40 of 2nd period - Jaromir Jagr wins face-off versus Claude Giroux in Maple Leafs zone.
7:44 of 2nd period - Snap shot by Jeff Carter.
7:44 of 2nd period - Stopped by Marc-André Fleury without a rebound.
7:45 of 2nd period - Jordan Staal wins face-off versus Jeff Carter in Maple Leafs zone.
8:02 of 2nd period - Snap shot by Jeff Carter.
8:02 of 2nd period - Stopped by Marc-André Fleury with a rebound.
8:20 of 2nd period - Wrist shot by Dany Heatley.
8:20 of 2nd period - Stopped by Marc-André Fleury without a rebound.
8:21 of 2nd period - Jordan Staal wins face-off versus Jeff Carter in Maple Leafs zone.
8:52 of 2nd period - Wrist shot by Dany Heatley.
8:52 of 2nd period - Goal by Dany Heatley - Flyers : 4 - Maple Leafs : 3.
8:53 of 2nd period - Antoine Vermette wins face-off versus Jeff Carter in neutral zone.
9:14 of 2nd period - Minor Penalty to Jaromir Jagr for Hooking.
9:15 of 2nd period - Jordan Staal wins face-off versus Matthew Lombardi in Flyers zone.
9:18 of 2nd period - Wrist shot by Jordan Staal.
9:18 of 2nd period - Stopped by Steve Mason without a rebound.
9:19 of 2nd period - Matthew Lombardi wins face-off versus Jordan Staal in Flyers zone.
9:34 of 2nd period - Snap shot by Drew Miller.
9:34 of 2nd period - Shot Misses the Net.
10:41 of 2nd period - Wrist shot by Claude Giroux.
10:41 of 2nd period - Shot Misses the Net.
10:43 of 2nd period - Slapshot by Tobias Enstrom.
10:43 of 2nd period - Stopped by Steve Mason with a rebound.
10:45 of 2nd period - Wrist shot by Jordan Staal.
10:45 of 2nd period - Goal by Jordan Staal - Flyers : 4 - Maple Leafs : 4.
10:46 of 2nd period - Jeff Carter wins face-off versus Gilbert Brule in neutral zone.
10:59 of 2nd period - Wrist shot by J.T. Miller.
10:59 of 2nd period - Shot Misses the Net.
11:01 of 2nd period - Slapshot by Jeff Woywitka.
11:01 of 2nd period - Shot Blocked by Taylor Chorney.
11:03 of 2nd period - Snap shot by J.T. Miller.
11:03 of 2nd period - Stopped by Marc-André Fleury without a rebound.
11:04 of 2nd period - Marcus Kruger wins face-off versus Antoine Vermette in Maple Leafs zone.
11:42 of 2nd period - Slapshot by Jeff Carter.
11:42 of 2nd period - Stopped by Marc-André Fleury without a rebound.
11:43 of 2nd period - Kyle Wellwood wins face-off versus Antoine Vermette in Maple Leafs zone.
11:51 of 2nd period - Marc-Édouard Vlasic is hit by Tom Poti and loses puck.
12:00 of 2nd period - Snap shot by Jakub Voracek.
12:00 of 2nd period - Stopped by Marc-André Fleury with a rebound.
12:10 of 2nd period - Jeff Carter is hit by Jordan Staal and loses puck.
12:15 of 2nd period - Wrist shot by Jordan Staal.
12:15 of 2nd period - Stopped by Steve Mason with a rebound.
12:17 of 2nd period - Snap shot by John Klingberg.
12:17 of 2nd period - Stopped by Steve Mason with a rebound.
12:19 of 2nd period - Snap shot by Artemi Panarin.
12:19 of 2nd period - Shot Blocked by Jeff Carter.
12:21 of 2nd period - Slapshot by John Klingberg.
12:21 of 2nd period - Stopped by Steve Mason with a rebound.
12:49 of 2nd period - Drew Miller is hit by Gilbert Brule and loses puck.
13:14 of 2nd period - Brian McGrattan is hit by Tobias Enstrom and loses puck.
13:23 of 2nd period - Slapshot by Braydon Coburn.
13:23 of 2nd period - Deflect By Oliver Ekman-Larsson.
13:23 of 2nd period - Stopped by Steve Mason without a rebound.
13:24 of 2nd period - Jordan Staal wins face-off versus Jeff Carter in Flyers zone.
14:08 of 2nd period - Slapshot by Jordan Staal.
14:08 of 2nd period - Shot Misses the Net.
14:14 of 2nd period - Artemi Panarin is hit by Matthew Lombardi and loses puck.
15:06 of 2nd period - Slapshot by Jordan Staal.
15:06 of 2nd period - Shot Blocked by Matthew Lombardi.
15:26 of 2nd period - Snap shot by Artemi Panarin.
15:26 of 2nd period - Shot Blocked by Matthew Lombardi.
15:46 of 2nd period - Snap shot by Matthew Lombardi.
15:46 of 2nd period - Shot Blocked by John Klingberg.
15:48 of 2nd period - Slapshot by Matthew Lombardi.
15:48 of 2nd period - Deflect By Claude Giroux.
15:48 of 2nd period - Goal by Matthew Lombardi - Flyers : 5 - Maple Leafs : 4.
15:49 of 2nd period - Jeff Carter wins face-off versus Fabian Brunnstrom in neutral zone.
16:04 of 2nd period - Colby Armstrong is hit by Oliver Ekman-Larsson and loses puck.
16:43 of 2nd period - Oliver Ekman-Larsson is hit by Antoine Vermette and loses puck.
17:39 of 2nd period - Eric Nystrom is hit by Marcus Kruger and loses puck.
19:52 of 2nd period - Minor Penalty to Colby Armstrong for Hooking.
19:53 of 2nd period - Jordan Staal wins face-off versus Jaromir Jagr in Maple Leafs zone.
Goals for this period are 3 for Flyers vs 3 for Maple Leafs.
Shots for this period are 18 for Flyers vs 13 for Maple Leafs.
3rd period
0:01 of 3rd period - Jeff Carter wins face-off versus Jordan Staal in neutral zone.
0:06 of 3rd period - Snap shot by Jeff Woywitka.
0:06 of 3rd period - Stopped by Marc-André Fleury with a rebound.
0:08 of 3rd period - Wrist shot by Jaromir Jagr.
0:08 of 3rd period - Shot Blocked by Jordan Staal.
0:10 of 3rd period - Snap shot by J.T. Miller.
0:10 of 3rd period - Shot Misses the Net.
0:12 of 3rd period - Snap shot by Jeff Carter.
0:12 of 3rd period - Shot Blocked by Taylor Chorney.
0:14 of 3rd period - Snap shot by Jeff Carter.
0:14 of 3rd period - Shot Misses the Net.
0:16 of 3rd period - Slapshot by Jeff Woywitka.
0:16 of 3rd period - Shot Blocked by Braydon Coburn.
0:29 of 3rd period - Icing by Dany Heatley.
0:30 of 3rd period - Jordan Staal wins face-off versus Kyle Wellwood in Flyers zone.
0:44 of 3rd period - Icing by Tom Poti.
0:45 of 3rd period - Jeff Carter wins face-off versus Jordan Staal in Flyers zone.
1:08 of 3rd period - Taylor Chorney is hit by Jaromir Jagr and loses puck.
1:13 of 3rd period - Snap shot by Jeff Carter.
1:13 of 3rd period - Goal by Jeff Carter - Flyers : 6 - Maple Leafs : 4.
1:13 of 3rd period - Alex Stalock enters game.
1:14 of 3rd period - Jordan Staal wins face-off versus Jaromir Jagr in neutral zone.
1:17 of 3rd period - Jonathan Ericsson is hit by Jordan Staal and loses puck.
2:18 of 3rd period - Minor Penalty to Drew Miller for Tripping.
2:19 of 3rd period - Jordan Staal wins face-off versus Matthew Lombardi in Flyers zone.
3:14 of 3rd period - Slapshot by Marcus Kruger.
3:14 of 3rd period - Goal by Marcus Kruger - Flyers : 7 - Maple Leafs : 4.
3:15 of 3rd period - Jordan Staal wins face-off versus Matthew Lombardi in neutral zone.
4:02 of 3rd period - Artemi Panarin is hit by Jonathan Ericsson and loses puck.
4:18 of 3rd period - Penalty to Drew Miller is over, Drew Miller is back on ice.
4:54 of 3rd period - Wrist shot by Brian McGrattan.
4:54 of 3rd period - Stopped by Alex Stalock with a rebound.
5:17 of 3rd period - Snap shot by Jordan Staal.
5:17 of 3rd period - Stopped by Steve Mason with a rebound.
5:19 of 3rd period - Minor Penalty to Mats Zuccarello for Tripping.
5:20 of 3rd period - Jordan Staal wins face-off versus Matthew Lombardi in Flyers zone.
5:31 of 3rd period - Slapshot by Jordan Staal.
5:31 of 3rd period - Shot Blocked by Tom Poti.
5:33 of 3rd period - Wrist shot by Jordan Staal.
5:33 of 3rd period - Shot Blocked by Tom Poti.
5:35 of 3rd period - Slapshot by Tobias Enstrom.
5:35 of 3rd period - Stopped by Steve Mason with a rebound.
6:53 of 3rd period - Tom Poti is hit by Tobias Enstrom and loses puck.
7:19 of 3rd period - Penalty to Mats Zuccarello is over, Mats Zuccarello is back on ice.
8:08 of 3rd period - Wrist shot by Jeff Carter.
8:08 of 3rd period - Stopped by Alex Stalock with a rebound.
8:10 of 3rd period - Wrist shot by Jeff Woywitka.
8:10 of 3rd period - Shot Blocked by John Klingberg.
8:12 of 3rd period - Slapshot by Jeff Woywitka.
8:12 of 3rd period - Stopped by Alex Stalock without a rebound.
8:13 of 3rd period - Zac Dalpe wins face-off versus Jeff Carter in Maple Leafs zone.
8:33 of 3rd period - Minor Penalty to Brian McGrattan for Roughing.
8:34 of 3rd period - Matthew Lombardi wins face-off versus Jordan Staal in Flyers zone.
8:38 of 3rd period - Claude Giroux is hit by Matthew Lombardi and loses puck.
10:33 of 3rd period - Penalty to Brian McGrattan is over, Brian McGrattan is back on ice.
10:48 of 3rd period - Wrist shot by Eric Nystrom.
10:48 of 3rd period - Shot Misses the Net.
11:04 of 3rd period - Wrist shot by Jakub Voracek.
11:04 of 3rd period - Stopped by Alex Stalock with a rebound.
11:06 of 3rd period - Snap shot by Dany Heatley.
11:06 of 3rd period - Shot Blocked by Taylor Chorney.
11:34 of 3rd period - Minor Penalty to Jeff Woywitka for Hooking.
11:35 of 3rd period - Matthew Lombardi wins face-off versus Jordan Staal in Flyers zone.
11:35 of 3rd period - Matthew Lombardi is hit by Claude Giroux.
11:45 of 3rd period - Snap shot by Artemi Panarin.
11:45 of 3rd period - Shot Misses the Net.
11:47 of 3rd period - Slapshot by Tobias Enstrom.
11:47 of 3rd period - Shot Blocked by Matt Smaby.
11:49 of 3rd period - Slapshot by Artemi Panarin.
11:49 of 3rd period - Stopped by Steve Mason with a rebound.
11:58 of 3rd period - Icing by Claude Giroux.
11:59 of 3rd period - Jordan Staal wins face-off versus Kyle Wellwood in Maple Leafs zone.
12:30 of 3rd period - Wrist shot by Claude Giroux.
12:30 of 3rd period - Stopped by Steve Mason with a rebound.
12:32 of 3rd period - Slapshot by John Klingberg.
12:32 of 3rd period - Deflect By Matthew Lombardi.
12:32 of 3rd period - Goal by John Klingberg - Flyers : 7 - Maple Leafs : 5.
12:33 of 3rd period - Gilbert Brule wins face-off versus Jeff Carter in neutral zone.
12:48 of 3rd period - Slapshot by Fabian Brunnstrom.
12:48 of 3rd period - Stopped by Steve Mason without a rebound.
12:49 of 3rd period - Jordan Staal wins face-off versus Kyle Wellwood in Flyers zone.
12:50 of 3rd period - Slapshot by Claude Giroux.
12:50 of 3rd period - Stopped by Steve Mason with a rebound.
12:52 of 3rd period - Wrist shot by Claude Giroux.
12:52 of 3rd period - Stopped by Steve Mason without a rebound.
12:53 of 3rd period - Dany Heatley wins face-off versus Jordan Staal in Flyers zone.
13:10 of 3rd period - Wrist shot by Jakub Voracek.
13:10 of 3rd period - Shot Blocked by John Klingberg.
13:16 of 3rd period - Jeff Woywitka is hit by Jordan Staal.
13:28 of 3rd period - Snap shot by Artemi Panarin.
13:28 of 3rd period - Stopped by Steve Mason with a rebound.
13:30 of 3rd period - Snap shot by Jordan Staal.
13:30 of 3rd period - Stopped by Steve Mason without a rebound.
13:31 of 3rd period - Gilbert Brule wins face-off versus Jeff Carter in Flyers zone.
13:36 of 3rd period - Wrist shot by Gilbert Brule.
13:36 of 3rd period - Shot Misses the Net.
13:58 of 3rd period - Fabian Brunnstrom is hit by Oliver Ekman-Larsson.
14:23 of 3rd period - Wrist shot by Fabian Brunnstrom.
14:23 of 3rd period - Shot Misses the Net.
14:25 of 3rd period - Snap shot by Marc-Édouard Vlasic.
14:25 of 3rd period - Stopped by Steve Mason without a rebound.
14:26 of 3rd period - Jordan Staal wins face-off versus Jeff Carter in Flyers zone.
14:58 of 3rd period - Minor Penalty to Jeff Woywitka for Hooking.
14:59 of 3rd period - Matthew Lombardi wins face-off versus Jordan Staal in Flyers zone.
15:33 of 3rd period - Wrist shot by Gilbert Brule.
15:33 of 3rd period - Goal by Gilbert Brule - Flyers : 7 - Maple Leafs : 6.
15:34 of 3rd period - Marcus Kruger wins face-off versus Antoine Vermette in neutral zone.
15:45 of 3rd period - Snap shot by Marcus Kruger.
15:45 of 3rd period - Shot Misses the Net.
15:59 of 3rd period - J.T. Miller is hit by Claude Giroux and loses puck.
16:06 of 3rd period - Wrist shot by Jordan Staal.
16:06 of 3rd period - Deflect By Jonathan Ericsson.
16:06 of 3rd period - Stopped by Steve Mason without a rebound.
16:07 of 3rd period - Jordan Staal wins face-off versus Marcus Kruger in Flyers zone.
16:25 of 3rd period - Minor Penalty to Jordan Staal for Holding.
16:26 of 3rd period - Jeff Carter wins face-off versus Claude Giroux in Maple Leafs zone.
16:53 of 3rd period - Jonathan Ericsson is hit by Claude Giroux and loses puck.
18:05 of 3rd period - Fabian Brunnstrom is hit by J.T. Miller and loses puck.
18:25 of 3rd period - Penalty to Jordan Staal is over, Jordan Staal is back on ice.
18:32 of 3rd period - Maple Leafs, Alex Stalock is pulled from the net.
18:32 of 3rd period - Wrist shot by Blake Comeau.
18:32 of 3rd period - Stopped by Steve Mason with a rebound.
18:40 of 3rd period - Slapshot by Brian McGrattan.
18:40 of 3rd period - Goal by Brian McGrattan - Flyers : 8 - Maple Leafs : 6.
18:40 of 3rd period - Alex Stalock from Maple Leafs was sent back in the game.
18:41 of 3rd period - Antoine Vermette wins face-off versus Marcus Kruger in neutral zone.
Goals for this period are 3 for Flyers vs 2 for Maple Leafs.
Shots for this period are 8 for Flyers vs 14 for Maple Leafs.
Back to the Top